[Event "*** Titled Tuesday Blitz"]
[Site "Chess.com"]
[Date "2020.02.04"]
[Round "3"]
[White "TrimitziosP7"]
[Black "BeanScreen"]
[Result "1-0"]
[WhiteElo "2776"]
[BlackElo "2566"]
[TimeControl "180+2"]
[EndTime "9:39:10 PST"]
[Termination "TrimitziosP7 won by resignation"]

1. Nf3 d5 2. b3 Nf6 3. Bb2 Bf5 4.
e3 e6 5. d4 Bd6 6. Bd3 Bg6 7. O-O Nbd7 8. c4 c6 9. Nc3 O-O 10. Qc2 Re8 11. e4 dxe4 12. Nxe4 Nxe4 13. Bxe4 Bxe4 14. Qxe4 Nf6 15. Qe2 c5 16. Rfd1 Qe7 17.
Rac1 Red8 18. h3 Rac8 19. Rd3 cxd4 20. Bxd4 Bc5 21. Rcd1 Bxd4 22. Rxd4 Rxd4 23. Rxd4 Rd8 24. Qd2 Rxd4 25. Qxd4 b6 26. Ne5 h6 27. g4 Qa3 28.
Qd8+ Kh7 29. Nxf7 Qc1+ 30. Kg2 Qf4 31. Qd3+ Ne4 32. Qf3 Qxf3+ 33. Kxf3 Nc3 34. a3 Nb1 35. Ke4 Nd2+ 36. Ke5 Nxb3 37. Kxe6 Nd2 38. Kd5 Nb1 39. Nd6 Nxa3 40. Nc8 Nb1 41. Nxa7 Nd2 42. Nc8 Kg6 43. f4 Kf6 44. Nxb6 Ke7 45. c5 Kd8 46. Nc4 Nf3 47. Ne5 Ng1 48. h4 Ne2 49. f5 Nf4+ 50.
Kd6 Ng2 51. h5 Ne3 52. c6 Kc8 53. Ke6 Kc7 54. Kf7 Kd6 55. Kxg7 Nd5 56. f6 Kxe5 57. f7 Nc7 58. f8=Q Ne6+ 59. Kg8 Nxf8 60. Kxf8 Kd6 61. Kg7 1-0

[Event "*** Titled Tuesday Blitz"]
[Site "Chess.com"]
[Date "2020.02.04"]
[Round "3"]
[White "Sanan_Sjugirov"]
[Black "Kobalia"]
[Result "0-1"]
[WhiteElo "2839"]
[BlackElo "2655"]
[TimeControl "180+2"]
[EndTime "9:39:19 PST"]
[Termination "Kobalia won by resignation"]

1. Nf3 d5 2. g3 c6 3. Bg2 Bg4 4.
O-O Nd7 5. h3 Bh5 6. d4 e6 7. c4 Be7 8. Nc3 dxc4 9. a4 a5 10. e4 Ngf6 11. Qe2 Bxf3 12. Bxf3 Nb6 13. Rd1 O-O 14. h4 Bb4 15. Bg5 h6 16. Be3 Nfd7 17. Bg2 Qe7 18. e5 Rad8 19. Ne4 f5 20. exf6 Nxf6 21. Nc5 e5 22. dxe5 Rxd1+ 23. Rxd1 Qxe5 24. Nxb7 Nfd5 25. Bxd5+ cxd5 26. Qg4 Nxa4 27. Qd7 Nxb2 28. Bd4 Qe7 29. Qxd5+ Qf7 30. Bxb2 c3 31. Bc1 c2 32.
Qxf7+ Rxf7 33. Rd8+ Kh7 34. Rc8 Rxb7 35. Rxc2 a4 36.
Ra2 Ra7 37. Ba3 Bxa3 38. Rxa3 Kg6 39. Kg2 Kf5 40. Kf3 Ke5 41. Kg4 Ra6 42. f4+ Ke4 43. h5 Ra5 44. Kh4 Kd4 45. g4 Kc4 46. g5 Kb4 47.
Ra1 a3 48. Kg4 Kb3 49. gxh6 gxh6 50. f5 Ra4+ 51. Kf3 a2 52. Ke3 Kb2 53. Rf1 a1=Q 54. Rxa1 Kxa1 55. f6 Ra6 0-1

[Event "*** Titled Tuesday Blitz"]
[Site "Chess.com"]
[Date "2020.02.04"]
[Round "3"]
[White "2nd_life"]
[Black "Bulldog167"]
[Result "0-1"]
[WhiteElo "2431"]
[BlackElo "2704"]
[TimeControl "180+2"]
[EndTime "9:39:25 PST"]
[Termination "Bulldog167 won by resignation"]

1. e4 c5 2. Nf3 d6 3. d4 cxd4 4. Nxd4 Nf6 5. Nc3 a6 6. Be3 e5 7. Nb3 Be7 8. f3 Be6 9. Qd2 O-O 10. O-O-O a5 11. Bb5 Na6 12. Kb1 Nc7 13. Bb6 Qb8 14.
a4 Rc8 15. g4 Nxb5 16. Nxb5 Rc4 17. g5 Nd7 18. Be3 Ra6 19. Nc3 Rac6 20. Nd5 Bxd5 21. Qxd5 Rxa4 22. Qb5 Rb4 23. Qxa5 Rbc4 24. Qb5 Rxc2 25.
Na5 Rc7 26. Rc1 Rxc1+ 27. Rxc1 Nc5 28. Bxc5 Rxc5 29. Rxc5 dxc5 30. h4 h6 31. gxh6 gxh6 32. h5 Qd8 33. Nxb7 Qd1+ 34. Ka2 Qxf3 35. Qd7 Bf8 36. Qd5 Qxh5 37. Nxc5 Bxc5 38. Qxc5 Qh2 39. Qc8+ Kg7 40. Qg4+ Kf8 41. Qc8+ Ke7 42. Qc7+ Kf6 43. Qd8+ Kg7 44. Qd5 h5 45. Ka3 h4 46. Qd7 Qg3+ 47.
b3 h3 48. Qf5 h2 49. Qh5 Kg8 50. Ka4 Qg2 51. Qxe5 h1=Q 52. Qe8+ Kg7 53. Qe5+ Kh7 0-1

[Event "*** Titled Tuesday Blitz"]
[Site "Chess.com"]
[Date "2020.02.04"]
[Round "3"]
[White "albi1999"]
[Black "W_Amadeus"]
[Result "1-0"]
[WhiteElo "2514"]
[BlackElo "2734"]
[TimeControl "180+2"]
[EndTime "9:39:29 PST"]
[Termination "albi1999 won by resignation"]

1. d4 Nf6 2. c4 e6 3. Nf3 d5 4. g3 Be7 5. Bg2 O-O 6. Nc3 dxc4 7. Ne5 c5 8. dxc5 Qxd1+ 9. Nxd1 Bxc5 10. O-O Nc6 11. Bxc6 bxc6 12. Be3 Bb6 13. Bxb6 axb6 14. Nc3 Nd5 15. a4 b5 16. Nxc6 Nxc3 17. bxc3 bxa4 18.
Ne5 Bb7 19. Nxc4 Bc6 20. Rfb1 Rfb8 21. Nb6 Ra6 22. Nd5 Rxb1+ 23. Rxb1 h6 24. Rb8+ Kh7 25. Nb4 Ra8 26. Rxa8 Bxa8 27. Nc2 Bd5 28. f3 Bb3 29. Na3 Kg6 30. Kf2 Kf5 31. Ke3 Ke5 32. c4 f5 33.
f4+ Kd6 34. Kd4 g5 35. e3 Ba2 36. Nc2 Bb3 37. Na3 Kc6 38. fxg5 hxg5 39. h4 gxh4 40.
gxh4 Kd6 41. c5+ Kc6 42. h5 e5+ 43. Kxe5 Kxc5 44. h6 Bg8 45. Kxf5 Kb4 46. Nb1 Bh7+ 47. Kf4 Bxb1 48. e4 a3 49. h7 Kb3 50. h8=Q Bxe4 51.
Kxe4 Ka2 52. Kd3 Kb1 53. Qb8+ Kc1 54. Qc7+ Kb1 55. Qc2+ Ka1 56. Kc3 1-0

[Event "*** Titled Tuesday Blitz"]
[Site "Chess.com"]
[Date "2020.02.04"]
[Round "3"]
[White "pedromartinez91"]
[Black "vladimirdamjanovic"]
[Result "0-1"]
[WhiteElo "2401"]
[BlackElo "2620"]
[TimeControl "180+2"]
[EndTime "9:39:38 PST"]
[Termination "vladimirdamjanovic won by resignation"]

1. e4 c6 2. c4 d5 3. exd5 cxd5 4. cxd5 Nf6 5. Qa4+ Nbd7 6. Nc3 g6 7. Bc4 Bg7 8. d3 O-O 9. Qa3 a6 10. Nf3 Rb8 11.
Bf4 Ra8 12. O-O Nb6 13. Qb3 Bg4 14. Ne5 Bf5 15. Rfe1 Nh5 16. Be3 Nxc4 17. Nxc4 b5 18. Nd2 Bxd3 19. Bc5 Re8 20. Qa3 a5 21. b4 Nf4 22.
Qb3 a4 23. Qb2 Ne2+ 24. Rxe2 Bxe2 25. Re1 Bd3 26. Qc1 Qd7 27. a3 Rac8 28. Re3 Bf5 29.
Qe1 Bxc3 30. Rxc3 Qxd5 31. Nf3 e5 32. Rc1 f6 33. h3 Qf7 34. Qe2 Qb7 35. Nd2 Red8 36. Nf1 Be6 37. Ne3 Kg7 38. h4 h5 39.
Qc2 Qd7 40. Rd1 Qc6 41. Rc1 Qd7 42. Rd1 Qb7 43. Re1 Rd7 44. Qc3 Qe4 45. f3 Qd3 46.
Qc1 Qd2 47. Qa1 Rd3 48. Rd1 Qe2 49. Re1 Qa2 50. Qc1 Qxa3 51. Qc2 Qb3 52. Qc1 a3 53. Nc2 Rc3 54. Re2 a2 55. Qd1 Qb1 56. Re1 Qxd1 57. Rxd1 Rxc2 0-1

[Event "*** Titled Tuesday Blitz"]
[Site "Chess.com"]
[Date "2020.02.04"]
[Round "3"]
[White "OhanyanEminChess"]
[Black "Tjktiger"]
[Result "0-1"]
[WhiteElo "2457"]
[BlackElo "2752"]
[TimeControl "180+2"]
[EndTime "9:39:47 PST"]
[Termination "Tjktiger won by resignation"]

1. e4 c5 2. Nf3 g6 3. d4 cxd4 4. Nxd4 Bg7 5. Nc3 Nc6 6. Be3 Nf6 7. Nxc6 bxc6 8. e5 Ng8 9. Bd4 Qa5 10. Bc4 Bxe5 11.
O-O f6 12. Qd2 d6 13. Rfe1 Rb8 14. Bb3 h5 15. Kh1 Nh6 16. f4 Bxd4 17. Qxd4 Kf8 18. Rxe7 Kxe7 19. Re1+ Kd7 20. Qxf6 Re8 21. Qg7+ Kd8 22.
Qf6+ Kd7 23. Qg7+ Kd8 24. Rxe8+ Kxe8 25. Qxg6+ Kd7 26. Qxh6 Qf5 27. Qg7+ Kd8 28. Qd4 Qc5 29. Qxc5 dxc5 30. Na4 c4 31. Bxc4 Bf5 32. c3 Bc2 33. b3 Bb1 34. b4 Ke7 35. Nc5 Rd8 36. Kg1 Rd2 37. h3 Rc2 38. Bb3 Rxc3 39. Kf2 a5 40.
Na4 Rd3 41. bxa5 Bxa2 42. Bxa2 Rd2+ 43. Kf3 Rxa2 44. Nc5 Rxa5 45. Ne4 Ra3+ 46. Ke2 Ke6 47. g4 h4 48. Ng5+ Kf6 49. Nf3 Ke6 50. Nxh4 Rxh3 51. Nf3 Kd5 52. f5 Rg3 53. g5 Ke4 54. Nh4 Rxg5 55. f6 Rg4 56. Nf3 Rg2+ 57. Kf1 Kxf3 58. f7 Rf2+ 59. Ke1 Ke3 60. f8=Q Rxf8 61. Kd1 Kd3 0-1

[Event "*** Titled Tuesday Blitz"]
[Site "Chess.com"]
[Date "2020.02.04"]
[Round "3"]
[White "bazar-wokzal"]
[Black "LiemLe"]
[Result "0-1"]
[WhiteElo "2549"]
[BlackElo "2993"]
[TimeControl "180+2"]
[EndTime "9:39:47 PST"]
[Termination "LiemLe won by resignation"]

1. e4 c5 2. c3 d5 3. exd5 Qxd5 4. d4 g6 5. dxc5 Qxc5 6. Be3 Qc7 7. Bxa7 Nc6 8. Be3 Nh6 9. Nf3 Nf5 10. Qd2 Bg7 11. Na3 Rxa3 12. bxa3 O-O 13. Rc1 Rd8 14. Qc2 Nxe3 15.
fxe3 Qb6 16. Kf2 Bf5 17. Qb3 Qc5 18. Bc4 Ne5 19. Nxe5 Rd2+ 20. Be2 Qxe5 21. Rhd1 Bh6 22. c4 Rb2 23. Qc3 Qxc3 24. Rxc3 Bg4 25. Re1 Rxa2 26. h3 Be6 27. Kf3 Bg7 28. Rb3 Bd7 29. Bd3 Ba4 30. Rb6 f5 31. c5 Rxa3 32. Bc4+ Kf8 33. Kf2 Bc3 34. Re2 Bc6 35. Ra2 Rxa2+ 36. Bxa2 Kg7 37. Bc4 Be4 38. Rb3 Be5 39. Bb5 f4 40. Ra3 Kf6 41. exf4 Bd4+ 42. Kg3 Bxc5 43. Ra4 Bd5 44. Bc4 Bc6 45.
Ra5 Bd6 46. Bd5 b6 47. Bxc6 bxa5 48. Kf3 Ke6 49. Ke4 h6 50. g4 Kf6 51. Bd7 Bb4 52. h4 g5 53. fxg5+ hxg5 54. h5 e6 55. Ba4 Ke7 56.
h6 Bc3 57. h7 Bh8 58. Kd3 Kd6 59. Ke4 Kc5 60. Bd7 e5 61. Kf5 Kd4 62. Bc6 Kc5 63. Bd7 Kd5 64. Be6+ Kd4 65. Kxg5 e4 66. Kf4 e3 67.
Kf3 Kd3 68. Bd7 Kd2 69. Bb5 a4 0-1

[Event "*** Titled Tuesday Blitz"]
[Site "Chess.com"]
[Date "2020.02.04"]
[Round "3"]
[White "Volodar_Murzin"]
[Black "GMHess"]
[Result "0-1"]
[WhiteElo "2562"]
[BlackElo "2762"]
[TimeControl "180+2"]
[EndTime "9:40:04 PST"]
[Termination "GMHess won by resignation"]

1. d4 g6 2. c4 Bg7 3. Nc3 c5 4. dxc5 Na6 5. e3 Nxc5 6. Nf3 Bxc3+ 7. bxc3 Nf6 8. Be2 Qa5 9. O-O O-O 10. Qc2 d6 11. Bd2 Bf5 12. Qb2 Nfe4 13. Be1 Rac8 14. Nd4 Bd7 15. Qb4 Qa6 16. f3 Nf6 17. Bh4 Kg7 18. e4 e5 19. Nb3 Ne6 20. Rfd1 Rc6 21.
Bf1 Qb6+ 22. Bf2 Qc7 23. Rd2 b6 24. Rad1 Nc5 25. Qa3 Rc8 26. Nxc5 bxc5 27. Rb1 Be6 28. Rdb2 Rb6 29. Rb5 Rcb8 30. R1b3 Bd7 31. Rxb6 axb6 32. Qb2 Bc6 33. Ra3 Nd7 34. g3 Qb7 35. Rb3 Ra8 36.
Ra3 Ra6 37. Rxa6 Qxa6 38. Bd3 Nf6 39. Qe2 Ne8 40. Be1 Nc7 41. f4 f6 42. fxe5 dxe5 43.
h4 Ne6 44. Kh2 h5 45. Qd2 Qb7 46. Qe2 Nd8 47. Bd2 Nf7 48. Kg1 Nd6 49. Qe3 Nf7 50. Kh2 Qa6 51. Be2 Qxa2 52. Be1 Qc2 53. g4 hxg4 54. Kg3 Bxe4 55. Kxg4 Nh6+ 56. Kh3 Bf5+ 57. Kg3 Qe4 58. Qd2 Bg4 59. Bxg4 Qxg4+ 60. Kh2 Qf4+ 61. Qxf4 exf4 62. Bd2 g5 63. Kg2 Kg6 64. Kf3 Kf5 65. hxg5 fxg5 66. Be1 Nf7 67. Ke2 Ne5 68. Bf2 Ke4 69. Bxc5 bxc5 0-1

[Event "*** Titled Tuesday Blitz"]
[Site "Chess.com"]
[Date "2020.02.04"]
[Round "3"]
[White "Rodchenkov_Vitalij"]
[Black "BabyBoss31"]
[Result "1-0"]
[WhiteElo "2587"]
[BlackElo "2201"]
[TimeControl "180+2"]
[EndTime "9:40:04 PST"]
[Termination "Rodchenkov_Vitalij won by checkmate"]

1. Nf3 d5 2. g3 Nf6 3. Bg2 Bf5 4.
O-O e6 5. d4 c5 6. c4 Nc6 7.
cxd5 Nxd5 8. Nc3 Nxc3 9. bxc3 Be7 10. Re1 cxd4 11. Nxd4 Nxd4 12. cxd4 Qd7 13. e4 Bg6 14. Be3 O-O 15. Qb3 Rac8 16. Rad1 b6 17. h3 Rfd8 18. Kh2 Qc7 19. Rc1 Qd6 20. d5 exd5 21.
exd5 Qd7 22. Rc6 Bd6 23. Rec1 h6 24. Qc4 Bf5 25. Qh4 Rb8 26. Bf4 Be7 27. Qh5 Bg6 28. Qf3 Rbc8 29. Rc7 Rxc7 30. Rxc7 Qe8 31. Rxa7 Bc5 32. h4 Qe1 33. Be3 Bxe3 34. Qxe3 Qxe3 35.
fxe3 Bd3 36. Rb7 b5 37. a3 Bc4 38. g4 Bxd5 39. Rxb5 Bxg2 40. Kxg2 Rd3 41. Rb8+ Kh7 42. a4 Rxe3 43. a5 Ra3 44. Rb5 Kg6 45. Rb6+ f6 46. a6 h5 47. g5 Kf5 48. gxf6 gxf6 49. Kf2 Kg4 50. Rxf6 Kxh4 51. Rg6 Rb3 52. a7 Ra3 53. Rg7 Kh3 54. Rg3+ Rxg3 55. a8=Q Rb3 56.
Qd5 Rb2+ 57. Kf3 h4 58. Qd1 Rb3+ 59. Qxb3 Kh2 60. Qc2+ Kh1 61. Qg2# 1-0

[Event "*** Titled Tuesday Blitz"]
[Site "Chess.com"]
[Date "2020.02.04"]
[Round "3"]
[White "AwareIdea"]
[Black "Leonid_Starozhilov"]
[Result "0-1"]
[WhiteElo "2430"]
[BlackElo "2701"]
[TimeControl "180+2"]
[EndTime "9:40:20 PST"]
[Termination "Leonid_Starozhilov won by checkmate"]

1. c4 Nf6 2. Nc3 g6 3. d4 Bg7 4. e4 d6 5. Nf3 Bg4 6. h3 Bxf3 7.
Qxf3 Nc6 8. Be3 Nd7 9. O-O-O e5 10. d5 Nd4 11. Qg3 c6 12. Kb1 c5 13. h4 h5 14. f3 a6 15. Qf2 Bh6 16. Bxh6 Rxh6 17. g3 Rb8 18. Ne2 b5 19. Nc3 Qa5 20. Qe3 Rh8 21. Rh2 bxc4 22. Bxc4 Rb4 23. Bf1 Kf8 24. f4 Kg7 25. Rf2 Rhb8 26. f5 Qa3 27. Rdd2 c4 28. Kc1 Qa5 29. g4 hxg4 30. h5 gxf5 31. Qg5+ Kh7 32. h6 Rg8 33. Qe7 Qd8 34. Qxf7+ Kh8 35.
exf5 g3 36. Rg2 Nf6 37. Kb1 Rb8 38. Bxc4 Qf8 39. Qxf8 Rbxf8 40. Bxa6 Nf3 41. Rd3 e4 42. Nxe4 Nxe4 43. Rxf3 Nd2+ 44. Rxd2 g2 45. Rxg2 Rxg2 46. Bd3 Rb8 47. b3 Kh7 48. f6+ Kxh6 49. f7 Kg7 50.
Bf5 Rh8 51. Bd3 Kf8 52. Rf1 Rhh2 53. Bf5 Rb2+ 54. Kc1 Rxa2 55. Bd3 Ra1+ 56. Bb1 Ra5 57. Rd1 Rc5+ 58. Bc2 Rcxc2+ 59. Kb1 Rb2+ 60. Kc1 Rhc2# 0-1

[Event "*** Titled Tuesday Blitz"]
[Site "Chess.com"]
[Date "2020.02.04"]
[Round "3"]
[White "SantoBlue"]
[Black "Coiote53"]
[Result "1-0"]
[WhiteElo "2840"]
[BlackElo "2610"]
[TimeControl "180+2"]
[EndTime "9:40:34 PST"]
[Termination "SantoBlue won by resignation"]

1. e4 e5 2. d4 exd4 3. Nf3 Nc6 4.
Bc4 Nf6 5. e5 d5 6. Bb5 Ne4 7. Nxd4 Bd7 8. Bxc6 bxc6 9. O-O Bc5 10. f3 Ng5 11. f4 Ne4 12. Be3 Bb6 13. Nd2 Nxd2 14. Qxd2 c5 15. Nf3 d4 16. Bf2 Bf5 17. a4 a5 18. Nh4 Be4 19. Rae1 Bd5 20. Qd3 Qd7 21. Nf5 O-O-O 22. Bh4 c4 23. Qh3 Be6 24. Qf3 Bd5 25. Qxd5 Qxd5 26. Ne7+ Kb7 27. Nxd5 Rxd5 28. Kh1 d3 29. cxd3 cxd3 30. Rd1 d2 31. Rf3 h6 32. Rb3 Ka6 33. h3 Re8 34. Bg3 Re6 35. f5 Rc6 36. Rc3 Rxc3 37. bxc3 Be3 38. e6 fxe6 39. fxe6 Bg5 40.
Bxc7 Rc5 41. e7 Bxe7 42. Bf4 g5 43. Bxd2 Rd5 44. Re1 Rxd2 45. Rxe7 Rd6 46. Rc7 Kb6 47.
Rh7 Kc5 48. Ra7 Kb6 49. Rh7 Kc5 50. Kh2 Kc4 51. Ra7 Rd5 52. Ra6 h5 53. h4 gxh4 54.
Rc6+ Kb3 55. c4 Rd4 56. c5 Kxa4 57. Rb6 Rc4 58. c6 Ka3 59. Kg1 a4 60. Kf2 Ka2 61. Ke3 a3 62. Kd3 Rc5 63. Kd4 Rc2 64. Kd5 Ka1 65.
Kd6 a2 66. c7 Rxc7 67. Kxc7 h3 68. gxh3 h4 69. Ra6 Kb2 70. Kd6 a1=Q 71. Rxa1 Kxa1 72. Ke5 Kb2 73. Kf5 Kc3 74. Kg5 Kd4 75. Kxh4 Ke5 76. Kg5 Ke6 77. Kg6 Ke7 78. Kg7 Ke6 79. h4 1-0

[Event "*** Titled Tuesday Blitz"]
[Site "Chess.com"]
[Date "2020.02.04"]
[Round "3"]
[White "severomorskij"]
[Black "GianmarcoVaR"]
[Result "0-1"]
[WhiteElo "2851"]
[BlackElo "2635"]
[TimeControl "180+2"]
[EndTime "9:40:37 PST"]
[Termination "GianmarcoVaR won by resignation"]

1. d4 Nf6 2. c4 e6 3. Nc3 Bb4 4. Nf3 b6 5. Bg5 Bb7 6. Nd2 h6 7. Bh4 Qe7 8. f3 Bxc3 9. bxc3 d6 10. e4 Nbd7 11. Bd3 e5 12. Nf1 Nf8 13. Ne3 Ne6 14.
Nf5 Qd8 15. c5 g6 16. Qa4+ Kf8 17. Ne3 dxc5 18. d5 Nf4 19. Qc2 Kg7 20. O-O Bc8 21. Rad1 Bd7 22. Kh1 Re8 23. Bc4 g5 24. Bf2 Re7 25. a4 Ne8 26. Bb5 Nd6 27. Bxd7 Qxd7 28. g3 Nh3 29. Be1 h5 30. c4 f6 31. Bc3 Rh8 32. Qg2 h4 33. gxh4 Nf4 34. Qc2 Rxh4 35. Be1 Rh3 36. Bg3 Nh5 37. Kg2 Kg8 38. Ng4 Rh7 39.
Rh1 Kf7 40. a5 Nf4+ 41. Bxf4 gxf4 42. Rdg1 Nb7 43. a6 Nd6 44. Kf2 Qc8 45. Qa4 Qe8 46. Qxe8+ Nxe8 47. Rg2 Nd6 48. Rc1 R7h4 49. Ke2 Rh8 50.
Kf2 R3h4 51. Ke2 Ke7 52. Kf2 Nf7 53. Rc3 Ng5 54. Rd3 Rd8 55. Ke2 Rh3 56. Nf2 Rh4 57. Ng4 Rdh8 58. Rd1 Rh3 59. Rd3 R8h7 60. Rf2 R7h4 61. Rg2 Rh8 62. Nxe5 fxe5 63. Rxg5 Rxh2+ 64. Kd1 Ra2 65. Rd2 Rh1+ 66. Ke2 Rh2+ 67. Ke1 Rhxd2 68.
Rxe5+ Kd7 69. Rh5 Rh2 0-1

[Event "*** Titled Tuesday Blitz"]
[Site "Chess.com"]
[Date "2020.02.04"]
[Round "3"]
[White "NiranjanNavalgund"]
[Black "SONOFHOLYGOD"]
[Result "1-0"]
[WhiteElo "2405"]
[BlackElo "2600"]
[TimeControl "180+2"]
[EndTime "9:40:39 PST"]
[Termination "NiranjanNavalgund won on time"]

1. Nf3 d5 2. d4 Nf6 3. c4 e6 4. g3 Bb4+ 5. Nbd2 O-O 6. Bg2 c6 7. O-O Nbd7 8. Qc2 b6 9. e4 dxe4 10. Nxe4 Nxe4 11. Qxe4 Bb7 12. Bf4 Nf6 13. Qe2 Rc8 14.
Rfd1 Re8 15. Ne5 Bd6 16. c5 Bxe5 17. dxe5 Nd5 18. Rac1 bxc5 19. Rxc5 Qb6 20. Rcc1 Nxf4 21. gxf4 c5 22. Rd6 Qc7 23. Rcd1 Bxg2 24. Kxg2 Rf8 25. Rd7 Qc6+ 26. Qf3 Qb6 27. Rb7 Qa5 28. Rdd7 c4 29.
Rxa7 Qc5 30. Qh5 g6 31. Qf3 Kg7 32. Re7 Rb8 33. Rab7 Qa5 34. Rxf7+ Rxf7 35. Rxb8 Qxa2 36. Qc6 c3 37. Qxc3 Qd5+ 38. Kg3 Qh1 39. Qf3 Qg1+ 40.
Qg2 Qc1 41. Rb4 h5 42. h4 Rd7 43. Rb7 Rxb7 44. Qxb7+ Kh6 45. Qa8 Qg1+ 46. Qg2 Qc1 47. b3 Qb1 48. Qb7 Qg1+ 49. Qg2 Qb1 50. Qa8 Qg1+ 51.
Kh3 Qf1+ 52. Qg2 Qd3+ 53. Qg3 Qf1+ 54. Kh2 Kh7 55. b4 Qe2 56. Qe3 Qb2 57. Qa7+ Kh6 58. Qe3 Qb1 59. f5+ Kg7 60. f6+ Kg8 61. Qd4 g5 62.
Qd8+ Kh7 63. Qe7+ Kg6 64. Qg7+ Kf5 65. Qxg5+ Ke4 66. Qg6+ Kd4 67. Qxb1 Kc3 68. f7 Kd2 69. f8=Q Ke2 70. Qe4+ Kf1 71. Qc2 1-0

[Event "*** Titled Tuesday Blitz"]
[Site "Chess.com"]
[Date "2020.02.04"]
[Round "3"]
[White "SnekkerAndersen"]
[Black "SergioGarciaFuentes"]
[Result "0-1"]
[WhiteElo "2344"]
[BlackElo "2170"]
[TimeControl "180+2"]
[EndTime "9:40:42 PST"]
[Termination "SergioGarciaFuentes won by checkmate"]

1. h3 d5 2. a3 Bf5 3. d3 e6 4. Nf3 Nd7 5. Nc3 Ngf6 6. g3 h6 7. Bg2 Be7 8. O-O O-O 9. Re1 Bh7 10. e4 c6 11. e5 Ne8 12. d4 Nc7 13. Ne2 c5 14. c3 Rc8 15. Bf4 a6 16. Qd2 Re8 17. h4 Be4 18. Nc1 Nb6 19. Nh2 Bxg2 20. Kxg2 cxd4 21.
cxd4 Nc4 22. Qe2 Nb5 23. Nb3 Qb6 24. Nf3 Bf8 25. g4 Rc7 26. h5 Nbxa3 27. bxa3 Qxb3 28. g5 hxg5 29. Nxg5 Nxa3 30. h6 gxh6 31. Qg4 Bg7 32.
Nf3 h5 33. Qg3 h4 34. Qxh4 Nc2 35. Rab1 Qd3 36. Rg1 Qe4 37. Bh6 Qxh4 38. Nxh4 Bxh6 39. Kh3+ Kf8 40. Nf3 Rc3 41. Kg4 Rxf3 42. Kxf3 Nxd4+ 43. Kg4 b5 44. Rh1 Bd2 45. Rbd1 Bc3 46. Rd3 b4 47. Rh7 Ke7 48. f4 Ra8 49. Rg7 a5 50. Rh3 a4 51.
Rhh7 Rf8 52. f5 Nxf5 53. Rg5 Bxe5 54. Rh1 a3 55. Kf3 a2 56. Rhg1 a1=Q 57. Rxa1 Bxa1 58. Ke2 Bf6 59. Rg1 Rb8 60. Rc1 b3 61. Rc7+ Kd6 62. Rxf7 b2 63. Kf3 b1=Q 64. Kg4 Qe4+ 65. Kh5 Rh8+ 66. Kg6 Qg4+ 67. Kxf6 Rh6# 0-1

[Event "*** Titled Tuesday Blitz"]
[Site "Chess.com"]
[Date "2020.02.04"]
[Round "3"]
[White "Snegokhod"]
[Black "NemtsevIgor"]
[Result "1-0"]
[WhiteElo "2628"]
[BlackElo "2402"]
[TimeControl "180+2"]
[EndTime "9:40:59 PST"]
[Termination "Snegokhod won by resignation"]

1. e4 c6 2. d3 d5 3. Nd2 Nf6 4. Ngf3 Bg4 5. Be2 e6 6. O-O Bc5 7. e5 Nfd7 8. d4 Be7 9. c3 c5 10. Nb3 Bxf3 11. Bxf3 Nc6 12. Be3 cxd4 13. cxd4 O-O 14.
Be2 Rc8 15. f4 a5 16. f5 Bg5 17. Qd2 Bxe3+ 18. Qxe3 a4 19. Nd2 Qb6 20. Nf3 exf5 21. Rad1 Nd8 22. Bd3 g6 23. Rf2 Ne6 24. Bb1 Rfe8 25.
Qh6 Qb4 26. h4 Qf8 27. Qe3 Nb6 28. Ng5 Nxg5 29. Qxg5 Qe7 30. Qg3 Kh8 31. h5 Nc4 32. h6 Rg8 33. Bd3 Na5 34. Bb5 a3 35. bxa3 Nc6 36.
a4 Nd8 37. a5 Ne6 38. a6 bxa6 39. Bxa6 Qa7 40. Qd3 Rb8 41. a4 Rb4 42. Bb5 Rxd4 43. Qf1 Rxd1 44. Qxd1 Qe3 45. Qxd5 Rd8 46. Bd7 Qa7 47.
Bxe6 Rxd5 48. Bxd5 Qe3 49. Bxf7 Qxh6 50. e6 Qe3 51. Kf1 Kg7 52. Re2 Qc1+ 53. Kf2 Qc5+ 54. Kf1 Qc1+ 55. Kf2 Qc5+ 56. Kf3 Qe7 57. a5 Kf6 58. a6 g5 59. Ra2 Qa7 60. Ke2 g4 61.
Kd3 Ke5 62. Kc4 Kd6 63. Kb5 Qb8+ 64. Kc4 Qc7+ 65. Kb3 Qb6+ 66. Kc3 Qa7 67. Rd2+ Ke5 68. Re2+ Kf6 69. e7 Qc5+ 70. Bc4 Qa5+ 71. Kd3 Qa3+ 72.
Kd4 Qd6+ 73. Kc3 Qa3+ 74. Kd2 Qb4+ 75. Kd3 Qa3+ 76. Kc2 Qa4+ 77. Bb3 Qc6+ 78. Kb1 Qe8 79. a7 f4 80. Re6+ Kf5 81. a8=Q Qxa8 82. e8=Q Qxe8 83.
Rxe8 f3 84. gxf3 gxf3 85. Bd1 Kf4 86. Rf8+ Ke3 87. Rxf3+ 1-0

[Event "*** Titled Tuesday Blitz"]
[Site "Chess.com"]
[Date "2020.02.04"]
[Round "3"]
[White "tan275"]
[Black "Chimpinha"]
[Result "0-1"]
[WhiteElo "2147"]
[BlackElo "2452"]
[TimeControl "180+2"]
[EndTime "9:41:03 PST"]
[Termination "Chimpinha won by resignation"]

1. d4 Nf6 2. c4 g6 3. g3 Bg7 4. Bg2 d6 5. Nf3 O-O 6. Nc3 Nbd7 7. O-O e5 8. h3 exd4 9. Nxd4 Re8 10. e4 Nc5 11.
Re1 Bd7 12. Kh2 a5 13. g4 h6 14. Bf4 Re7 15. Bg3 Qe8 16. f3 Rd8 17. Nc2 Na4 18.
Nxa4 Bxa4 19. b3 Bc6 20. Rc1 Nd7 21. Ne3 Be5 22. f4 Bg7 23. Nd5 Bxd5 24. exd5 Nc5 25. Qd2 b6 26. Rxe7 Qxe7 27. Re1 Qd7 28. Bf2 Re8 29. Bxc5 dxc5 30. Rxe8+ Qxe8 31. Bf3 Bd4 32. Qe2 Be3 33. Kg3 g5 34. fxg5 Qe5+ 35. Kg2 hxg5 36. Qd3 Qb2+ 37. Qe2 Qc1 38. Qf1 Qc3 39. Qe2 Kg7 40.
Be4 Bf4 41. Qf3 Qd2+ 42. Qf2 Qc1 43. Bf3 Be3 44. Qf1 Qc3 45. Qe2 Qe5 46. Qe1 Qd4 47. Qd1 Bd2 48. Qe2 Kf6 49. Qe8 Bf4 50. Qh8+ Ke7 51.
Qxd4 cxd4 52. Be4 Kd6 53. Kf3 Kc5 54. Bb1 Bc1 55. Ke4 Be3 56. Kd3 Kb4 57. Kc2 Ka3 58. Kd3 Kb2 59. Bc2 Kxa2 60. Bd1 Kb2 61. Ke2 Kc3 62. Ke1 d3 63. Kf1 Kd2 64. Bf3 Bf4 65.
Be4 Ke3 66. Bf5 f6 67. Bg6 Bg3 68. Bf5 Bh4 69. Bg6 Kd4 70. Bf5 Kc3 71. Bg6 Bg3 72. Bf5 Bf4 73. Bg6 d2 74. Ke2 Kxb3 75. Bd3 a4 0-1

[Event "*** Titled Tuesday Blitz"]
[Site "Chess.com"]
[Date "2020.02.04"]
[Round "3"]
[White "Aleksandr_Kozak"]
[Black "evgenyermolaev"]
[Result "0-1"]
[WhiteElo "2260"]
[BlackElo "2527"]
[TimeControl "180+2"]
[EndTime "9:41:09 PST"]
[Termination "evgenyermolaev won by checkmate"]

1. e4 c5 2. c3 d5 3. exd5 Qxd5 4. d4 Bf5 5. Nf3 e6 6. Be2 cxd4 7. Nxd4 Be4 8. O-O Nc6 9. Nb5 O-O-O 10. Qxd5 exd5 11. Be3 a6 12. Na7+ Nxa7 13. Bxa7 Ne7 14. Nd2 Nc6 15. Bb6 Re8 16. Rfe1 Bd6 17. Bg4+ Kb8 18. Nxe4 dxe4 19.
Bf5 Re5 20. Bd7 Rb5 21. Bd4 Nxd4 22. cxd4 Rxb2 23. Rxe4 Rd8 24. Ba4 Bc7 25. Bb3 Bb6 26. Rd1 f5 27. Rf4 g6 28. h4 Re8 29. d5 Ree2 30. Rf1 Kc7 31. g3 Kd6 32. h5 Bc5 33. Kg2 b5 34. hxg6 hxg6 35. g4 Ke5 36. Kg3 Bd6 37. gxf5 Kf6 38. fxg6+ Bxf4+ 39. Kxf4 Rxf2+ 40. Rxf2 Rxf2+ 41. Ke4 Rd2 42. g7 Kxg7 43. Ke5 Kf8 44. Kd6 Ke8 45. Kc6 Rh2 46. d6 Rh6 47. Kc7 Rh7+ 48. Kc6 Kd8 49. Bd5 Rh3 50. Be6 Re3 51. Bg8 Ra3 52. Be6 b4 53. Kc5 a5 54. Kb5 Re3 55. Bb3 Re5+ 56. Kc6 Rh5 57. Bf7 Rg5 58. Bb3 Rf5 59. Ba4 Rf2 60. Bb3 a4 61. Bxa4 Rxa2 62. Kb5 Rb2 63. Kc4 Rd2 64. Kxb4 Rd4+ 65.
Kc5 Rxa4 66. Kc6 Rh4 67. Kd5 Kd7 68. Ke5 Rh5+ 69. Ke4 Kxd6 70. Kd4 Rh4+ 71. Kd3 Ke5 72. Kc3 Kd5 73. Kd3 Rh3+ 74. Kd2 Kd4 75. Kc2 Rg3 76. Kb2 Kc4 77. Kc2 Rg2+ 78. Kd1 Kd3 79. Ke1 Ra2 80. Kf1 Ke3 81. Kg1 Kf3 82. Kf1 Ra1# 0-1

[Event "*** Titled Tuesday Blitz"]
[Site "Chess.com"]
[Date "2020.02.04"]
[Round "3"]
[White "SHIVACalypso"]
[Black "riconaipe"]
[Result "0-1"]
[WhiteElo "2214"]
[BlackElo "2534"]
[TimeControl "180+2"]
[EndTime "9:41:19 PST"]
[Termination "riconaipe won by resignation"]

1. Nf3 g6 2. c4 Bg7 3. g3 e5 4.
Nc3 Nc6 5. Bg2 Nge7 6. O-O O-O 7. d3 d6 8. Rb1 Be6 9. b4 Qd7 10. b5 Nd4 11. Nxd4 exd4 12. Nd5 Nxd5 13. cxd5 Bh3 14. Bxh3 Qxh3 15. Qc2 Rac8 16. Bb2 Rfe8 17. Rfe1 Re5 18.
e4 Rh5 19. f4 g5 20. Qg2 Qg4 21. Rf1 c5 22. bxc6 bxc6 23. dxc6 Rxc6 24. Rf2 gxf4 25. gxf4 Qxg2+ 26. Rxg2 Kf8 27. Ba3 Bh6 28. Rf2 Ra5 29. Bb4 Rh5 30. e5 Ke8 31. Bxd6 Rf5 32. Rb8+ Kd7 33.
Rb7+ Ke6 34. Rxa7 Bxf4 35. Kg2 Bxe5 36. Rxf5 Kxf5 37. Bxe5 Kxe5 38. Rxf7 Rc2+ 39. Rf2 Rc3 40. Rd2 Kf4 41. Kf2 h5 42. Ke2 h4 43. Rd1 Rc2+ 44. Rd2 Rc1 45. Rd1 Rc2+ 46. Rd2 Rc7 47. Rd1 Re7+ 48. Kd2 Kf3 49. Rf1+ Kg2 50. Re1 Ra7 51.
Re2+ Kf3 52. Kd1 Ra3 53. Rd2 Ke3 54. Kc1 Rc3+ 55. Kd1 Rc8 56. a4 Ra8 57. Ra2 Kxd3 58. Ra3+ Ke4 59. Kd2 Ra5 60. Rh3 Rxa4 61. Rxh4+ Kd5 62.
Kd3 Ra3+ 63. Kc2 Kc4 64. Rh8 Ra2+ 65. Kc1 Rg2 66. h4 Kc3 67. Rc8+ Kd3 68. h5 Rh2 69. Rh8 Rh1+ 70. Kb2 Kd2 71. h6 d3 72. Rh7 Rh5 73. Rh8 Rb5+ 74. Ka2 Kd1 75. Ka3 d2 76. Ka2 Re5 77.
h7 Re7 78. Kb2 Ke2 79. Rd8 Rxh7 80. Re8+ Kd1 81. Kc3 Rc7+ 82. Kb2 Rb7+ 83. Kc3 Kc1 84. Ra8 d1=Q 85. Ra1+ Rb1 0-1